 Dungeon Crawl Stone Soup version 0.29-a0-25-g7f48f510a0 (webtiles) character file.

Game seed: 15981217418508173596

25 dolemite99 the Chopper (level 3, 0/31 HPs)
             Began as a Hill Orc Monk on Feb 1, 2022.
             Was a Believer of Beogh.
             Slain by a worm (10 damage)
             ... on level 2 of the Dungeon.
             The game lasted 00:00:51 (1063 turns).

dolemite99 the Chopper (Hill Orc Monk)              Turns: 1063, Time: 00:00:51

Health: 0/31       AC:  2    Str: 15    XL:     3   Next: 6%
Magic:  3/3        EV: 12    Int: 10    God:    Beogh [**....]
Gold:   22         SH:  3    Dex: 13    Spells: 2/2 levels left

rFire   . . .      SeeInvis .   a - +0 hand axe
rCold   . . .      Faith    .   i - +0 buckler
rNeg    . . .      Spirit   .   b - +0 robe
rPois   .          Reflect  .   (no helmet)
rElec   .          Harm     .   (no cloak)
rCorr   .          Rampage  .   (no gloves)
Will    .....                   (no boots)
Stlth   ++........              (no amulet)
HPRegen 0.10/turn               (no ring)
MPRegen 0.08/turn               (no ring)

@: no status effects
A: no striking features
a: Renounce Religion, Smiting


You were on level 2 of the Dungeon.
You worshipped Beogh.
Beogh was pleased with you.
You visited 1 branch of the dungeon, and saw 2 of its levels.

You collected 22 gold pieces.

Inventory:

Hand Weapons
 a - a +0 hand axe (weapon)
Missiles
 g - 4 poisoned darts (quivered)
Armour
 b - a +0 robe (worn)
 i - a +0 buckler (worn)
Scrolls
 d - a scroll of amnesia {unknown}
 f - a scroll of identify {unknown}
Potions
 c - a potion of cancellation {unknown}
 e - a potion of magic {unknown}
 h - a potion of curing {unknown}


   Skills:
 - Level 3.6 Fighting
 + Level 5.5 Axes
 - Level 2.4 Dodging
 - Level 1.5 Stealth


You had 2 spell levels left.
You didn't know any spells.
Your spell library was empty.

Dungeon Overview and Level Annotations

Branches:
Dungeon (2/15)

Altars:
Beogh


Message History

The adder is moderately wounded.
The adder closely misses you.
A worm comes into view.
You hit the adder.
The adder is severely wounded.
The adder closely misses you.
You hit the adder.
The adder is almost dead.
You block the adder's attack.
You hit the adder but do no damage.
The adder is almost dead.
The adder closely misses you. x2
You barely miss the adder.
The adder is almost dead.
The adder bites you.
You are poisoned.
The adder poisons you! The adder barely misses you.
You hit the adder.
You kill the adder!
Beogh accepts your kill.
You feel sick.
You have reached level 3!
Your experience leads to an increase in your attributes!
Increase (S)trength, (I)ntelligence, or (D)exterity?
You feel stronger. x2
You feel sick.
You see here a hobgoblin corpse.
You feel sick.
You hit the worm.
The worm is lightly wounded.
You feel sick. The worm bites you.
You hit the worm.
The worm is moderately wounded.
You feel sick.
You are no longer poisoned.
You hit the worm.
The worm is heavily wounded.
An endoplasm comes into view.
The worm bites you!
You die...

#. .# #. .#
..##.##
J.....
....##
#####.....
##.(..w##
#..<.#@.#
#....†..#
.....#._†<.#
#.?#.......#
#. #..<.#..#
.. ##.....##
. #####..
.... ....


You could see a worm and an endoplasm (wandering).

Vanquished Creatures
  An adder (D:2)
  4 ball pythons (D:1)
  A bat (D:1)
  3 endoplasms (D:1)
  A goblin (D:1)
  A hobgoblin (D:2)
  A kobold (D:1)
  A quokka (D:1)
  A frilled lizard (D:1)
  A rat (D:1)
15 creatures vanquished.

Notes
Turn   | Place    | Note
-------+----------+-------------------------------------------
     0 | D:1      | dolemite99 the Hill Orc Monk began the quest for the Orb.
     0 | D:1      | Reached XP level 1. HP: 19/19 MP: 1/1
   464 | D:1      | Reached XP level 2. HP: 19/26 MP: 2/2
   717 | D:1      | Reached skill level 5 in Axes
  1039 | D:2      | Found a faded altar of an unknown god.
  1042 | D:2      | Prayed at the altar of an unknown god.
  1042 | D:2      | Became a worshipper of Beogh the Brigand
  1042 | D:2      | Reached * piety under Beogh
  1042 | D:2      | Reached ** piety under Beogh
  1059 | D:2      | Reached XP level 3. HP: 18/31 MP: 3/3
  1063 | D:2      | Slain by a worm

Illustrated notes

Levels and vault maps discovered:
D:1:      eino_arrival_cavern_e, layout_basic
D:2:      layout_basic, nicolae_ecumenical_pavilion, lemuel_old_faithful,
          uniq_robin, uniq_terence

Skill      XL: |  1  2 |
---------------+-------+-----
Axes           | 5 |  5.5
Fighting       | |  3.6
Dodging        | |  2.4
Stealth        | |  1.5

Action                   || total
-------------------------++-------
Melee: Hand axe          ||    44
       Punch             ||     1
Throw: Dart              ||     8
 Stab: Sleeping          ||     2
Armor: Robe              ||     5
Dodge: Dodged            ||    21
Block: Buckler           ||     3

Table legend: (Time is in decaauts)
 A = Elapsed time spent in this place.
 B = Non-inter-level travel time spent in this place.
 C = Inter-level travel time spent in this place.
 D = Time resting spent in this place.
 E = Time spent auto-exploring this place.
 F = Levels seen in this place.
 G = Mean time per level.
                   A        B        C        D        E       F      G
               +--------+--------+--------+--------+--------+-----+--------+
         Total |   1066 |   1007 |     59 |      0 |    842 |   2 |  533.0 |
       Dungeon |   1066 |   1007 |     59 |      0 |    842 |   2 |  533.0 |
               +--------+--------+--------+--------+--------+-----+--------+

Top non-repeatable levels by time:
     D:1: 1041 daAuts
     D:2: 25 daAuts
